AoeStats
← Ndrangheta

Lombardia

510021397Analyzed
2v2 RM · 4d ago on Sep 29, 2026· 67m 19s· 4 players
Game mode
Random Map
Map size
Medium (4 player)
Population
200
Speed
Normal
Resources
Standard
Victory
Conquest
Starting age
Dark Age
Ending age
Imperial Age
RankedLock teamsTeams togetherTeam positionsShared explorationLock speedFull tech treeHidden civsTurbo modeCheats
Victory
Defeat
🇦🇷 Saxons · Argentina
1361
+15
🇦🇷 Varangians · Argentina
1324
+16
🇦🇷 Tatars · Argentina
1346
-16
🇦🇷 Slavs · Argentina
1328
-15
EL BASTARDOK SCALONIDAS
10:08 Feudal Age
9:13 Loom
10:45 Double-Bit Axe
19:17 Castle Age
17:06 Horse Collar
18:56 Bloodlines
19:03 Gold Mining
19:43 Forging
23:25 Bow Saw
26:16 Scale Barding Armor
27:35 Iron Casting
33:21 Wheelbarrow
32:42 Stone Mining
34:30 Chain Barding Armor
35:38 Husbandry
41:20 Imperial Age
40:39 Gold Shaft Mining
41:11 Hand Cart
41:07 Fletching
42:57 Plate Barding Armor
44:55 Blast Furnace
44:46 Cavalier
51:34 Heavy Plow
53:26 Light Cavalry
56:18 Hussar
Lord San
7:15 Loom
9:44 Feudal Age
10:22 Double-Bit Axe
12:17 Fletching
12:14 Horse Collar
19:06 Castle Age
19:59 Bodkin Arrow
20:55 Bow Saw
24:12 Town Watch
25:02 Wheelbarrow
25:08 Padded Archer Armor
25:19 Forging
25:57 Heavy Plow
27:56 Leather Archer Armor
28:48 Hand Cart
30:18 Ballistics
31:32 Gold Mining
31:33 Stone Mining
35:39 Imperial Age
34:19 Gold Shaft Mining
36:29 Bracer
36:31 Husbandry
36:42 Bloodlines
37:26 Crop Rotation
38:38 Silk Armor
38:15 Heavy Cavalry Archer
40:39 Chemistry
39:23 Crossbowman
40:51 Conscription
46:07 Timurid Siegecraft
46:36 Caravan
47:06 Coinage
46:47 Guilds
46:30 Light Cavalry
48:26 Banking
50:17 Hussar
51:04 Scale Barding Armor
51:29 Ring Archer Armor
51:35 Iron Casting
53:19 Chain Barding Armor
56:48 Plate Barding Armor
57:13 Blast Furnace
58:58 Masonry
66:12 Herbal Medicine
Ndrangheta
7:01 Loom
9:20 Feudal Age
9:48 Double-Bit Axe
10:16 Horse Collar
15:00 Bloodlines
22:02 Castle Age
21:06 Forging
21:40 Scale Barding Armor
28:49 Fletching
29:58 Chain Barding Armor
32:36 Gold Mining
33:19 Husbandry
33:29 Stone Mining
34:30 Wheelbarrow
34:45 Wheelbarrow
33:55 Town Watch
35:11 Iron Casting
36:51 Bow Saw
36:52 Heavy Plow
38:06 Hand Cart
43:20 Imperial Age
42:34 Bodkin Arrow
44:38 Plate Barding Armor
43:24 Cavalier
46:52 Blast Furnace
46:52 Light Cavalry
48:26 Hussar
49:27 Guilds
59:21 Bracer
60:49 Heavy Scorpion
63:19 Chemistry
64:25 Squires
64:59 Caravan
Caña con ruda
10:52 Feudal Age
11:37 Double-Bit Axe
14:51 Castle Age
13:16 Horse Collar
13:27 Gold Mining
13:35 Gold Mining
18:36 Wheelbarrow
19:43 Loom
22:29 Bow Saw
23:03 Heavy Plow
24:02 Scale Mail Armor
24:03 Squires
24:23 Gambesons
24:42 Stone Mining
25:51 Hand Cart
26:02 Chain Mail Armor
26:53 Gold Shaft Mining
29:06 Forging
33:55 Imperial Age
32:49 Iron Casting
33:25 Town Watch
34:10 Fletching
36:04 Conscription
35:18 Elite Hearth Troop
35:49 Shield Wall
37:12 Plate Mail Armor
36:38 Bodkin Arrow
36:46 Arson
36:23 Pikeman
39:12 Chemistry
38:33 Ballistics
39:14 Padded Archer Armor
39:14 Bracer
40:35 Two-Man Saw
40:17 Hoardings
39:05 Halberdier
41:14 Padded Archer Armor
41:43 Masonry
41:26 Elite Varangian Guard
42:53 Fortified Wall
47:37 Siege Engineers
47:34 Capped Ram
49:29 Guilds
49:03 Siege Ram
52:52 Architecture
52:18 Murder Holes
54:25 Caravan
59:11 Heavy Scorpion
65:24 Coinage
Connection lost

Rejoining the realm…

Still unreachable

The connection could not be restored.

Session expired

The server has moved on; the page needs a fresh start.